 Dungeon Crawl Stone Soup version 0.28.0-53-g5a82cb258f (webtiles) character file.

Game seed: 1118569310864348720

3596 NateTC the Cleaver (level 9, -5/82 (88) HPs)
             Began as a Deep Dwarf Fighter on June 8, 2022.
             Was a Priest of Elyvilon.
             Slain by a two-headed ogre
             ... wielding a +1 dire flail of draining
              (23 damage)
             ... on level 8 of the Dungeon.
             The game lasted 00:21:20 (6439 turns).

NateTC the Cleaver (Deep Dwarf Fighter)             Turns: 6439, Time: 00:21:21

HP:   -5/82 (88)    AC: 19    Str: 23    XL:     9   Next: 85%
MP:   0/0           EV:  7    Int: 21    God:    Elyvilon [***...]
Gold: 455           SH:  6    Dex: 12    Spells: 8/8 levels left

rFire   . . .      SeeInvis .   a - +0 war axe
rCold   x . .      Faith    .   c - +1 buckler
rNeg    . . .      Spirit   .   q - +0 chain mail
rPois   .          Reflect  .   k - +0 helmet of the Wasteland {rC- Int+5}
rElec   .          Harm     .   p - +1 cloak
rCorr   .          Rampage  .   (no gloves)
Will    +....                   n - +0 pair of boots
Stlth   ..........              t - amulet of the acrobat
HPRegen 0.00/turn               m - +6 ring of intelligence
MPRegen 0.07/turn               x - +4 ring of protection

@: mighty, drained
A: damage resistance, heal wounds, sense surroundings 2, no regeneration
a: Heal Wounds, Renounce Religion, Purification, Heal Other, Heal Self


You were on level 8 of the Dungeon.
You worshipped Elyvilon.
Elyvilon was most pleased with you.
You visited 2 branches of the dungeon, and saw 9 of its levels.

You collected 455 gold pieces.

Inventory:

Hand Weapons
 a - a +0 war axe (weapon)
Armour
 c - a +1 buckler (worn)
 k - the +0 helmet of the Wasteland (worn) {rC- Int+5}
   (You took it off Robin on level 3 of the Dungeon)

   Int:       It affects your intelligence (+5).
   rC:        It makes you vulnerable to cold.
 n - a +0 pair of boots (worn)
 p - a +1 cloak (worn)
 q - a +0 chain mail (worn)
Jewellery
 m - a +6 ring of intelligence (left hand)
 t - an amulet of the acrobat (around neck)
 u - a ring of flight
 x - a +4 ring of protection (right hand)
Wands
 b - a wand of acid (5)
 i - a wand of iceblast (11)
Scrolls
 o - a scroll of teleportation
 y - a scroll of vulnerability {unknown}
Potions
 e - 3 potions of attraction
 f - 3 potions of mutation
 g - 2 potions of brilliance
 h - a potion of haste {unknown}
 j - 2 potions of heal wounds {unknown}
 l - 6 potions of curing
 r - a potion of resistance
 s - a potion of lignification {unknown}
 v - a potion of cancellation {unknown}
 w - a potion of degeneration {unknown}


   Skills:
 - Level 7.8 Fighting
 * Level 10.5 Axes
 - Level 6.3 Armour
 - Level 6.3 Shields


You had 8 spell levels left.
You didn't know any spells.
Your spell library contained the following spells:

 Spells                   Type           Power      Damage    Failure   Level
 Animate Skeleton         Necr           0%         N/A       83%         1
 Freeze                   Ice            0%         1d3       83%         1
 Pain                     Necr           0%         1d4       83%         1
 Call Canine Familiar     Summ           0%         N/A       99%         3
 Frozen Ramparts          Ice            0%         1d2       99%         3
 Ozocubu's Armour         Ice            0%         N/A       99%         3
 Portal Projectile        Hex/Tloc       0%         N/A       99%         3
 Tukima's Dance           Hex            0%         N/A       99%         3
 Vampiric Draining        Necr           0%         2d6       99%         3
 Anguish                  Hex/Necr       0%         N/A       100%        4
 Hailstorm                Conj/Ice       0%         3d3       100%        4
 Leda's Liquefaction      Hex/Erth       0%         N/A       100%        4
 Fireball                 Conj/Fire      0%         3d3       100%        5
 Metabolic Englaciation   Hex/Ice        0%         N/A       100%        5
 Simulacrum               Ice/Necr       0%         N/A       100%        6
 Starburst                Conj/Fire      0%         6d3       100%        6
 Enfeeble                 Hex            0%         N/A       100%        7
 Ignition                 Fire           0%         3d3       100%        8


Dungeon Overview and Level Annotations

Branches:
Dungeon (8/15)             Temple (1/1) D:5
   Lair: D:8-11

Altars:
Ashenzari
Cheibriados
Dithmenos
Elyvilon
Fedhas
Gozag
Hepliaklqana
Kikubaaqudgha
Makhleb
Nemelex Xobeh
Okawaru
Qazlal
Ru
Sif Muna
Trog
Uskayaw
Vehumet
Wu Jian
Xom
Yredelemnul
Zin
The Shining One

Shops:
D:7 *


Innate Abilities, Weirdness & Mutations

You are resistant to damage.
You can heal yourself by infusing magical energy.
You passively map the area around you.
You do not regenerate.


Message History

Found 12 gold pieces.
You now have 455 gold pieces (gained 12).
A bullfrog comes into view.
The bullfrog barely misses you.
You slash the bullfrog!
The bullfrog is heavily wounded.
You block the bullfrog's attack.
You barely miss the bullfrog.
The bullfrog is heavily wounded.
The bullfrog hits you but does no damage. x2
You closely miss the bullfrog.
The bullfrog is heavily wounded.
The bullfrog swells and bulges.
You block the bullfrog's attack.
You slash the bullfrog!
You kill the bullfrog!
Found an escape hatch in the floor.
You can now provide healing for yourself.
There is an escape hatch in the floor here.
Found 22 stones.
A two-headed ogre comes into view.
It is wielding a +1 dire flail of draining and a +0 giant spiked club.
Found a plate armour.
Okay, then.
Okay, then.
You feel very mighty all of a sudden.
The two-headed ogre hits you with a +1 dire flail of draining!
You feel drained. You block the two-headed ogre's attack.
You slice the two-headed ogre!!
The two-headed ogre is heavily wounded.
The two-headed ogre hits you with a +1 dire flail of draining.
You feel drained.
The two-headed ogre hits you with a +0 giant spiked club!
* * * LOW HITPOINT WARNING * * *
You barely miss the two-headed ogre.
The two-headed ogre is heavily wounded.
The two-headed ogre hits you with a +1 dire flail of draining.
* * * LOW HITPOINT WARNING * * *
You feel drained.
The two-headed ogre hits you with a +0 giant spiked club!!
You die...

, , * , , ,, ,, ........
, , ....... * , #
##..... * * #(##.[.. , *
* * #.##... * ,, #.#.#..
, * * * ##.**#.O## ,*
#.## ##.@#*# ,
#..###.##.#. #.#.#.##
#.# # #######.##.##
#.#.# #........#.# #.#.#
#.#####..#.# #...,,*
###.#####..#.#####.# .#
..........>........# #.#
...................###.#


You could see a two-headed ogre.

Vanquished Creatures
  Pikel (D:4)
  An ugly thing (D:7)
  A hornet (D:8)
  A shadow (D:8)
  A wraith (D:5)
  2 steam dragons
  A water moccasin (D:5)
  2 black bears (D:6)
  An ice beast (D:6)
  A sky beast (D:8)
  3 ogres
  A necrophage (D:7)
  2 kobold brigands
  Blork the orc (D:6)
  3 bullfrogs
  3 wights (D:8)
  2 howler monkeys (D:7)
  2 centaur zombies
  2 hounds
  A jelly (D:7)
  2 bullfrog skeletons
  Crazy Yiuf (D:3)
  2 orc wizards (D:8)
  A hound zombie (D:5)
  Robin (D:3)
  2 howler monkey zombies
  3 gnolls (D:5)
  A howler monkey skeleton (D:7)
  8 adders
  A shadow imp (D:7)
  2 white imps (D:8)
  A worm (D:3)
  7 dart slugs
  21 orcs
  5 ball pythons
  4 bats
  6 endoplasms
  5 giant cockroaches
  19 goblins
  8 hobgoblins
  5 jackals
  6 quokkas
  14 kobolds
  2 rats (D:3)
159 creatures vanquished.

Vanquished Creatures (others)
  3 fungi (D:3)
  4 toadstools (D:3)
7 creatures vanquished.

Grand Total: 166 creatures vanquished

Notes
Turn   | Place    | Note
-------+----------+-------------------------------------------
     0 | D:1      | NateTC the Deep Dwarf Fighter began the quest for the Orb.
     0 | D:1      | Reached XP level 1. HP: 20/20 MP: 1/1
   142 | D:1      | Reached skill level 3 in Axes
   142 | D:1      | Reached XP level 2. HP: 27/27 MP: 2/2
   614 | D:2      | Reached XP level 3. HP: 22/33 MP: 3/3
   680 | D:2      | Reached skill level 4 in Axes
   987 | D:2      | Found a faded altar of an unknown god.
  1227 | D:2      | Reached XP level 4. HP: 23/40 MP: 4/4
  1421 | D:3      | Identified the +0 helmet of the Wasteland {rC- Int+5}
  1421 | D:3      | Noticed Robin
  1442 | D:3      | Reached skill level 5 in Axes
  1457 | D:3      | Killed Robin
  1750 | D:3      | Reached skill level 6 in Axes
  1750 | D:3      | Reached XP level 5. HP: 19/46 MP: 5/5
  2154 | D:3      | Found a runed translucent door.
  2155 | D:3      | Noticed Crazy Yiuf
  2305 | D:3      | Killed Crazy Yiuf
  2467 | D:4      | Reached skill level 7 in Axes
  2467 | D:4      | Reached XP level 6. HP: 46/55 MP: 5/5
  2774 | D:4      | Noticed Pikel
  2789 | D:4      | Killed Pikel
  2790 | D:4      | Reached skill level 9 in Axes
  2790 | D:4      | Reached XP level 7. HP: 31/61 MP: 6/6
  3241 | D:5      | Entered Level 5 of the Dungeon
  3334 | D:5      | Noticed a wraith
  3344 | D:5      | Reached XP level 8. HP: 59/73 MP: 6/6
  3347 | D:5      | Reached skill level 5 in Fighting
  3392 | D:5      | Found a staircase to the Ecumenical Temple.
  3410 | Temple   | Entered the Ecumenical Temple
  3967 | Temple   | Became a worshipper of Elyvilon the Healer
  4492 | D:6      | Noticed Blork the orc
  4503 | D:6      | Killed Blork the orc
  4716 | D:6      | Reached * piety under Elyvilon
  4729 | D:6      | Gained mutation: You passively map the area around you.
                  | [Deep Dwarf growth]
  4729 | D:6      | Reached XP level 9. HP: 56/88 MP: 5/5
  5155 | D:7      | Found Afiaha's Elemental Accessories.
  5216 | D:7      | Found a glowing golden altar of the Shining One.
  5286 | D:7      | Noticed a brown ugly thing
  5311 | D:7      | Reached ** piety under Elyvilon
  5610 | D:7      | Killed a brown ugly thing
  5611 | D:7      | Reached skill level 5 in Armour
  5611 | D:7      | Reached skill level 5 in Shields
  6165 | D:8      | Reached skill level 10 in Axes
  6411 | D:8      | Reached *** piety under Elyvilon
  6433 | D:8      | Noticed a two-headed ogre
  6439 | D:8      | Slain by a two-headed ogre

Illustrated notes

Levels and vault maps discovered:
D:1:      ncdulo_halloftheorcs, layout_basic, grunt_decor_junction,
          minmay_misc_feat_enclosed
D:2:      layout_basic, hellmonk_ecumenical_altar_heavens_door
D:3:      kennysheep_slugbush, layout_loops_cross, minmay_gold_behind_fungi,
          uniq_crazy_yiuf_cottage, uniq_robin
D:4:      layout_cave_pods, uniq_pikel
D:5:      layout_rooms, minmay_temple_entry_drinking_statues, grunt_ministairs_2
D:6:      layout_rooms, roderic_serpentine_path, minmay_splitting_lines,
          kennysheep_nondescript, hangedman_abyss_or_decor_lesser_grid,
          uniq_blork_the_orc
D:7:      layout_loops_corners, lemuel_crystal_altar, minmay_statues_item,
          nicolae_elemental_shop, minmay_fractal_squares_5
D:8:      layout_loops_ring, chequers_serial_rivers_room_b
Temple:   mainiacjoe_temple_starburst

Skill      XL: |  1  2  3  4  5  6  7  8  9 |
---------------+----------------------------+-----
Axes           | 3 4 6 7 9 10 | 10.5
Fighting       | 4 7 |  7.8
Armour         | 6 |  6.3
Shields        | 6 |  6.3

Action                   |  1- 3 |  4- 6 |  7- 9 || total
-------------------------+-------+-------+-------++-------
Melee: War axe           |   101 |   110 |   308 ||   519
 Abil: Heal Wounds       |       |     4 |    13 ||    17
Evoke: Wand              |       |       |     4 ||     4
  Use: Scroll            |     2 |     2 |    12 ||    16
       Potion            |       |       |     2 ||     2
Armor: Scale mail        |    49 |    31 |       ||    80
       Chain mail        |       |    35 |   167 ||   202
Dodge: Dodged            |    55 |    64 |   109 ||   228
Block: Buckler           |    36 |    35 |    98 ||   169
